 Dungeon Crawl Stone Soup version 0.32-a0-859-gb0a091d592 (webtiles) character file.

Game seed: 17378237499490922194

5191 Shayle the Zephyrmancer (level 10, -8/63 HPs)
             Began as a Coglin Alchemist on Mar 27, 2024.
             Was a Believer of Beogh.
             Killed from afar by a gargoyle (25 damage)
             ... with a stone arrow
             ... on level 9 of the Dungeon.
             The game lasted 00:28:42 (10739 turns).

Shayle the Zephyrmancer (Coglin Alchemist)         Turns: 10739, Time: 00:28:43

Health: -8/63      AC: 11    Str:  7    XL:     10   Next: 60%
Magic:  5/20       EV: 11    Int: 21    God:    Beogh [**....]
Gold:   455        SH:  0    Dex: 16    Spells: 15/23 levels left

rFire   + . .        L - +10 rapier "Xiqam" {freeze, rF+}
rCold   . . .        n - +0 war axe {Uttamveer}
rNeg    + . .        F - +5 robe of Night {Dark Will+ SInv}
rPois   +            g - +0 helmet
rElec   .            B - +0 cloak
rCorr   .            s - +1 pair of gloves "Yschiul" {rPois rN+}
SInv    +            (no boots)
Will    +....        (amulet unavailable)
Stlth   ++           (ring unavailable)
HPRegen 0.30/turn    (ring unavailable)
MPRegen 0.17/turn    (no gizmo)

%: no passive effects
@: revving
A: off-hand wielding, slow wielding, warmup strikes, no jewellery, clever 1
a: Invent Gizmo, Renounce Religion, Smiting


You were on level 9 of the Dungeon.
You worshipped Beogh.
Beogh was pleased with you.
You visited 2 branches of the dungeon, and saw 10 of its levels.

You collected 841 gold pieces.
You spent 386 gold pieces at shops.

Inventory:

Hand Weapons
 c - a +0 short sword {Taribatum}
 f - a +0 short sword {Xue}
 j - a +2 dagger of protection {Æschere}
 k - a +0 sling
 n - a +0 war axe (offhand) {Uttamveer}
 o - a +0 sling
 q - a +1 dagger of speed
 u - a +1 whip of freezing
 D - a +2 dagger of flaming
 L - the +10 rapier "Xiqam" (weapon) {freeze, rF+}
   (You took it off an orc on level 6 of the Dungeon)

   rF+:       It protects you from fire.
Missiles
 E - 3 curare-tipped darts
Armour
 a - a +0 robe
 g - a +0 helmet (worn)
 l - the +5 robe of Misfortune {Harm *Corrode *Slow EV+5}
   (You found it on level 2 of the Dungeon)

   EV+5:      It affects your evasion (+5).
   *Corrode:  It may corrode you when you take damage.
   *Slow:     It may slow you when you take damage.
   Harm:      It increases damage dealt and taken.
 p - a +1 pair of gloves
 s - the +1 pair of gloves "Yschiul" (worn) {rPois rN+}
   (You bought it in a shop on level 6 of the Dungeon)

   rPois:     It protects you from poison.
   rN+:       It protects you from negative energy.
 y - a +0 leather armour of poison resistance
 A - a +2 robe of resistance
 B - a +0 cloak (worn)
 F - the +5 robe of Night (worn) {Dark Will+ SInv}
   (You found it on level 7 of the Dungeon)

   Dark:      It shrouds the wearer in darkness, reducing the range at which
   they can see and be seen by others.
   Will+:     It increases your willpower.
   SInv:      It lets you see invisible.
Wands
 h - a wand of digging (1)
 i - a wand of roots (12)
 x - a wand of charming (8)
 K - a wand of quicksilver (7)
Scrolls
 d - a scroll of vulnerability
 t - a scroll of revelation
 z - a scroll of fear {unknown}
 G - a scroll of teleportation
 H - 3 scrolls of immolation
 J - a scroll of poison {unknown}
 M - a scroll of brand weapon {unknown}
 O - a scroll of blinking {unknown}
 Q - a scroll of identify
Potions
 b - a potion of magic
 e - a potion of mutation
 m - 3 potions of brilliance
 r - a potion of attraction
 v - a potion of cancellation
 w - a potion of degeneration
 C - a potion of might
 I - a potion of heal wounds
 N - a potion of enlightenment {unknown}
 P - a potion of berserk rage {unknown}


   Skills:
 - Level 1.7 Dodging
 - Level 1.5 Stealth
 + Level 7.1 Spellcasting
 - Level 3.4 Conjurations
 + Level 10.9 Air Magic
 - Level 5.3 Alchemy


You had 15 spell levels left.
You knew the following spells:

 Your Spells              Type           Power      Damage    Failure   Level
a - Sting                 Conj/Alch      100%       1d9       1%          1
b - Mephitic Cloud        Conj/Alch/Air  34%        N/A       1%          3
c - Airstrike             Air            26%        2d(4-20)  1%          4

Your spell library contained the following spells:

 Spells                   Type           Power      Damage    Failure   Level
 Mercury Vapours          Alch/Air       82%        N/A       1%          2
 Static Discharge         Conj/Air       74%        3-7/arc   1%          2
 Apportation              Tloc           14%        N/A       9%          1
 Necrotise                Necr           28%        1d5       9%          1
 Summon Small Mammal      Summ           28%        N/A       9%          1
 Olgreb's Toxic Radiance  Alch           29%        N/A       10%         4
 Summon Lightning Spire   Summ/Air       30%        N/A       10%         4
 Sticky Flame             Fire/Alch      18%        2d6       28%         4


Dungeon Overview and Level Annotations

Branches:
Dungeon (9/15)             Temple (1/1) D:7
   Lair: D:8-11         Orc: D:9-12

Altars:
Ashenzari
Cheibriados
Dithmenos
Elyvilon
Fedhas
Gozag
Hepliaklqana
Kikubaaqudgha
Makhleb
Nemelex Xobeh
Okawaru
Qazlal
Sif Muna
Trog
Uskayaw
Vehumet
Wu Jian
Xom
Yredelemnul
Zin

Shops:
D:4 *   D:6 [=   D:7 [


Innate Abilities, Weirdness & Mutations

Your facial features look somewhat orcish.
You can wield a second weapon in your off-hand.
It takes a long time for you to wield or remove held weapons.
Your first few attacks do less damage.
You cannot equip rings or amulets.
Your mind is acute. (Int +4, Str/Dex -1)


Message History

The air twists around and strikes the gargoyle but does no damage.
Casting: Airstrike (dangerous; 1% risk of failure)
Confirm with . or Enter, or press ? or * to list all spells.
Aiming: Airstrike (dangerous; 1% risk of failure)
Press: ? - help, Dir - move target, f/p - gargoyle
Aim: a gargoyle, wielding a +0 morningstar (empty space bonus: 6/8)
The air twists around and strikes the gargoyle.
The gargoyle is lightly damaged.
Casting: Airstrike (dangerous; 1% risk of failure)
Confirm with . or Enter, or press ? or * to list all spells.
Aiming: Airstrike (dangerous; 1% risk of failure)
Press: ? - help, Dir - move target, f/p - gargoyle
Aim: a gargoyle, wielding a +0 morningstar (lightly damaged, empty space bonus: 7/8)
The air twists around and strikes the gargoyle but does no damage.
Casting: Airstrike (dangerous; 1% risk of failure)
Confirm with . or Enter, or press ? or * to list all spells.
Aiming: Airstrike (dangerous; 1% risk of failure)
Press: ? - help, Dir - move target, f/p - gargoyle
Aim: a gargoyle, wielding a +0 morningstar (lightly damaged, empty space bonus: 7/8)
The air twists around and strikes the gargoyle but does no damage.
The gargoyle hurls a stone arrow at you.
The stone arrow misses you.
You hit the gargoyle but do no damage.
The gargoyle is lightly damaged.
You hit the gargoyle but do no damage.
The gargoyle hits you with a +0 morningstar!
You puncture the gargoyle with the +10 rapier "Xiqam"!
You freeze the gargoyle.
The gargoyle is moderately damaged.
You closely miss the gargoyle with your +0 war axe.
The gargoyle hurls a stone arrow at you.
The stone arrow hits you!!
You hit the gargoyle but do no damage.
The gargoyle is moderately damaged.
You hit the gargoyle but do no damage.
The gargoyle hits you with a +0 morningstar!
* * * LOW HITPOINT WARNING * * *
The gargoyle hurls a stone arrow at you.
The stone arrow hits you!!
You die...

#######≈≈ ≈≈≈≈≈≈≈≈≈
≈≈≈≈≈≈≈≈≈ .......
...)..... #......
.#...... ######......
#...... #...........
..#......
#.....9.##.# #...<...
#.....@.##.# #.......
#.......##.# #.......
#####.####.# #.......
##..###.######......
##.#.#.#.#....#......
#..........##.#
##.##'##.#.##.#
#..#...#...##.#
##.+...+.#.##.#


You could see a gargoyle.

Vanquished Creatures
  A boulder beetle (D:6)
  Pikel (D:4)
  2 dream sheep (D:7)
  3 hornets
  2 shadows (D:7)
  Eustachio (D:4)
  2 steam dragons (D:6)
  2 water moccasins
  An ice beast (D:7)
  A black bear (D:5)
  2 sky beasts
  5 ogres
  4 centaurs
  2 kobold brigands
  4 lemures
  2 scorpions (D:5)
  4 killer bees (D:8)
  2 electric eels
  2 hounds
  Crazy Yiuf (D:4)
  2 jellies
  3 orc priests
  An iguana (D:6)
  Ijyb (D:4)
  3 orc wizards
  5 gnolls
  14 adders
  A shadow imp (D:5)
  A white imp (D:7)
  2 ufetubi (D:5)
  3 dart slugs
  A ribbon worm (D:3)
  22 orcs
  12 endoplasms
  3 giant cockroaches
  9 goblins
  4 hobgoblins
  4 jackals (D:4)
  2 quokkas (D:1)
  4 ball pythons
  6 bats
  5 frilled lizards
  20 kobolds
  5 rats
177 creatures vanquished.

Vanquished Creatures (others)
  An orc (D:6)
1 creature vanquished.

Grand Total: 178 creatures vanquished

Notes
Turn   | Place    | Note
-------+----------+-------------------------------------------
     0 | D:1      | Shayle the Coglin Alchemist began the quest for the Orb.
     0 | D:1      | Reached XP level 1. HP: 13/13 MP: 3/3
    74 | D:1      | Reached skill level 1 in Conjurations
   276 | D:1      | Reached XP level 2. HP: 18/19 MP: 0/5
   797 | D:1      | Reached XP level 3. HP: 9/24 MP: 3/6
   950 | D:1      | Found a faded altar of an unknown god.
  1269 | D:2      | Reached XP level 4. HP: 30/30 MP: 4/7
  1503 | D:2      | Found the +5 robe of Misfortune {Harm *Corrode *Slow EV+5}
  2332 | D:3      | Reached XP level 5. HP: 35/35 MP: 6/9
  2419 | D:3      | Found a radiant altar of Vehumet.
  2522 | D:3      | Found a shadowy altar of Dithmenos.
  2906 | D:3      | Found a hide-covered altar of Uskayaw.
  3046 | D:4      | Identified the +1 scale mail of the Morning Star {rCorr
                  | MP-9 SInv}
  3046 | D:4      | Noticed Ijyb
  3057 | D:4      | Found Xewar's Assorted Antiques.
  3068 | D:4      | Bought a worn wooden wand for 104 gold pieces
  3068 | D:4      | Bought a scroll labelled DUOMIS IMETSE for 26 gold pieces
  3198 | D:4      | Killed Ijyb
  3281 | D:4      | Noticed Eustachio
  3433 | D:4      | Noticed an ogre
  3434 | D:4      | Noticed an ogre
  3441 | D:4      | Killed an ogre
  3442 | D:4      | Reached skill level 1 in Air Magic
  3442 | D:4      | Reached XP level 6. HP: 41/41 MP: 10/10
  3443 | D:4      | Reached skill level 5 in Alchemy
  3485 | D:4      | Became a worshipper of Beogh the Shepherd
  3669 | D:4      | Reached XP level 7. HP: 38/46 MP: 7/12
  3745 | D:4      | Learned a level 3 spell: Mephitic Cloud
  3750 | D:4      | Learned a level 4 spell: Airstrike
  3836 | D:4      | Reached skill level 2 in Air Magic
  3853 | D:4      | Noticed Pikel
  4147 | D:4      | Killed Pikel
  4148 | D:4      | Reached skill level 5 in Air Magic
  4148 | D:4      | Reached XP level 8. HP: 20/52 MP: 0/13
  4321 | D:4      | Found a runed translucent door.
  4322 | D:4      | Noticed Crazy Yiuf
  4333 | D:4      | Killed Crazy Yiuf
  4333 | D:4      | Reached * piety under Beogh
  4614 | D:5      | Entered Level 5 of the Dungeon
  4637 | D:5      | Reached skill level 6 in Air Magic
  4833 | D:4      | Killed Eustachio
  5077 | D:5      | Gained mutation: Your mind is acute. (Int +4, Str/Dex -1)
                  | [potion of mutation]
  5086 | D:5      | Reached skill level 7 in Air Magic
  6067 | D:6      | Found Qanugo's Antique Armour Emporium.
  6074 | D:6      | Reached skill level 8 in Air Magic
  6074 | D:6      | Reached XP level 9. HP: 54/57 MP: 1/14
  6332 | D:6      | Bought a pair of transparent gloves for 256 gold pieces
  6332 | D:6      | Identified the +1 pair of gloves "Yschiul" {rPois rN+} (You
                  | bought it in a shop on level 6 of the Dungeon)
  6455 | D:6      | Found an ancient bone altar of Kikubaaqudgha.
  6547 | D:6      | Found a blossoming altar of Fedhas.
  6825 | D:6      | Noticed a boulder beetle
  7010 | D:7      | Found an iron altar of Okawaru.
  7158 | D:7      | Reached skill level 9 in Air Magic
  7291 | D:7      | Reached skill level 5 in Spellcasting
  7407 | D:7      | Found the +5 robe of Night {Dark Will+ SInv}
  7544 | D:7      | Found Vunweot's Antique Armour Shoppe.
  8060 | D:6      | Found Vukud's Jewellery Emporium.
  8209 | D:6      | Found a hazy altar of Hepliaklqana.
  8764 | D:6      | Killed a boulder beetle
  8765 | D:6      | Reached skill level 10 in Air Magic
  8765 | D:6      | Reached XP level 10. HP: 59/63 MP: 1/19
  8957 | D:6      | Identified the +10 rapier "Xiqam" {freeze, rF+}
  9562 | D:7      | Found a staircase to the Ecumenical Temple.
  9568 | Temple   | Entered the Ecumenical Temple
  9646 | D:8      | Paralysed by a hornet for 3 turns
  9937 | D:8      | Reached ** piety under Beogh
 10592 | D:9      | Found a shimmering blue altar of Sif Muna.
 10732 | D:9      | Noticed a gargoyle
 10739 | D:9      | Killed from afar by a gargoyle

Illustrated notes

Levels and vault maps discovered:
D:1:      matt_arrival_grand_opening, layout_loops_ring,
          hellmonk_ecumenical_altar_pennies_from_heaven,
          wander_ebering_terrifying_dragon_lair
D:2:      layout_rooms
D:3:      layout_loops_ring, overflow_temple_1_default, lemuel_tele_altar,
          nicolae_uskayaw_suspiria, serial_glass, glass_columns_b,
          glass_columns_a, dk_noncrumbling_3, grunt_ministairs_4
D:4:      layout_gridville, serial_shops, shop, serial_bayou,
          serial_bayou_crossing, serial_bayou_pond_a, serial_bayou_lagoon_b,
          serial_bayou_pond_d, serial_bayou_ford_a, serial_bayou_shore_a,
          nicolae_half_adder, uniq_crazy_yiuf_cottage, uniq_pikel,
          uniq_eustachio, uniq_ijyb
D:5:      layout_rooms, minmay_gold_behind_fungi, chequers_serial_rivers_room_b,
          hex_intersection
D:6:      layout_cave_pods, nzn_hepliaklqana_mist_gate,
          mainiacjoe_overflow_concentric_impassable,
          nicolae_kikubaaqudgha_miasma_corner, serial_shops, shop,
          nicolae_shop_temple_entry_statues_fountains
D:7:      layout_rooms, amcnicky_altar_gilded, temple_green, serial_shops,
          shop_coins, serial_co_window_serial, co_window_corner_a,
          co_window_corner_a, co_window_paths_a, co_window_corner_a,
          co_window_paths_b, co_window_broadway_a, co_window_2corner,
          co_window_broadway_c, co_window_corner_ca, co_window_paths_c,
          co_window_2corner, glass_columns_b, glass_columns_a,
          hellmonk_guarded_unrand_night
D:8:      layout_layer_cave, minivault_14
D:9:      layout_basic, kennysheep_little_box, erik_lair_island, erik_orc_2,
          minmay_misc_feat_doors
Temple:   chequers_temple_sunken

Skill      XL: |  1  2  3  4  5  6  7  8  9 10 |
---------------+-------------------------------+-----
Conjurations   | 1 2 3 |  3.4
Spellcasting   | 2 3 6 7 |  7.1
Alchemy        | 4 5 |  5.3
Air Magic      | 1 5 8 10 | 10.9
Dodging        | |  1.7
Stealth        | |  1.5

Action                     |  1- 3 |  4- 6 |  7- 9 | 10-12 || total
---------------------------+-------+-------+-------+-------++-------
  Melee: Short sword       |    46 |     3 |       |       ||    49
         Dagger            |       |   100 |    95 |       ||   195
         War axe           |       |    98 |    92 |    13 ||   203
         Rapier            |       |       |       |    13 ||    13
   Cast: Sting             |    27 |    67 |    36 |     1 ||   131
         Mephitic Cloud    |       |       |    12 |     3 ||    15
         Airstrike         |       |       |    57 |    26 ||    83
 Invoke: Convert to Beogh  |       |     1 |       |       ||     1
  Evoke: Wand              |       |     4 |       |       ||     4
    Use: Scroll            |       |     5 |     6 |     2 ||    13
         Potion            |       |       |     5 |       ||     5
   Stab: Sleeping          |     2 |     4 |     1 |       ||     7
         Confused          |       |       |     4 |     1 ||     5
 Armour: Robe              |    19 |    46 |   106 |    18 ||   189
         Leather armour    |       |    73 |    28 |       ||   101
  Dodge: Dodged            |    15 |   102 |   132 |     6 ||   255

Table legend: (Time is in decaauts)
 A = Elapsed time spent in this place.
 B = Non-inter-level travel time spent in this place.
 C = Inter-level travel time spent in this place.
 D = Time resting spent in this place.
 E = Time spent auto-exploring this place.
 F = Levels seen in this place.
 G = Mean time per level.
                   A        B        C        D        E       F      G
               +--------+--------+--------+--------+--------+-----+--------+
         Total |  10868 |  10547 |    321 |   2722 |   5780 |  10 | 1086.8 |
       Dungeon |  10866 |  10545 |    321 |   2722 |   5780 |   9 | 1207.3 |
        Temple |      1 |      1 |      0 |      0 |      0 |   1 |    1.0 |
               +--------+--------+--------+--------+--------+-----+--------+

Top non-repeatable levels by time:
     D:4: 2037 daAuts
     D:7: 1781 daAuts
     D:6: 1749 daAuts
     D:1: 1181 daAuts
     D:3: 1170 daAuts
     D:5: 1019 daAuts
     D:8: 868 daAuts
     D:2: 823 daAuts
     D:9: 233 daAuts
  Temple: 1 daAuts
